 Dungeon Crawl Stone Soup version 0.25.1-2-g60ff931df9 (webtiles) character file.

Game seed: 13835529219851340791

0 lepoulpe303 the Grave Robber (level 1, -1/13 HPs)
             Began as a Human Necromancer on Sept 15, 2020.
             Slain by a goblin
             ... wielding a +0 dagger
              (2 damage)
             ... on level 1 of the Dungeon.
             The game lasted 00:00:53 (58 turns).

lepoulpe303 the Grave Robber (Human Necromancer)      Turns: 58, Time: 00:00:54

Health: -1/13      AC:  2    Str:  8    XL:     1   Next: 11%
Magic:  0/3        EV: 12    Int: 15    God:
Gold:   0          SH:  0    Dex: 13    Spells: 3/4 levels left

rFire    . . .     SeeInvis .   (no weapon)
rCold    . . .     Gourm    .   (no shield)
rNeg     . . .     Faith    .   a - +0 robe
rPois    .         Spirit   .   (no helmet)
rElec    .         Reflect  .   (no cloak)
rCorr    .         Harm     .   (no gloves)
MR       .....                  (no boots)
Stlth    ++........             (no amulet)
HPRegen  0.04/turn              (no ring)
MPRegen  0.08/turn              (no ring)

@: no status effects
A: no striking features
a: no special abilities


You were on level 1 of the Dungeon.
You were not hungry.

You visited 1 branch of the dungeon, and saw 1 of its levels.

Inventory:

Armour
 a - a +0 robe (worn)
Scrolls
 c - a scroll of magic mapping {unknown}
Potions
 b - a potion of brilliance {unknown}
Comestibles
 e - a ration


   Skills:
 + Level 2.0 Dodging
 + Level 2.0 Stealth
 * Level 2.0 Spellcasting
 * Level 4.0 Necromancy


You had 3 spell levels left.
You knew the following spells:

 Your Spells              Type           Power        Failure   Level  Hunger
a - Pain                  Necr           ##..         4%          1    #......

Your spell library contained the following spells:

 Spells                   Type           Power        Failure   Level  Hunger
 Animate Skeleton         Necr           N/A          4%          1    #......
 Vampiric Draining        Necr           ##........   13%         3    ###....
 Animate Dead             Necr           N/A          38%         4    #####..
 Agony                    Necr           ##......     75%         5    ######.


Dungeon Overview and Level Annotations

Branches:
Dungeon (1/15)

Altars:


Message History

Aim: a bat (chance to defeat MR: 83%)
The bat writhes in agony.
* * * LOW MAGIC WARNING * * *
The bat barely misses you.
You now have 0/3 mp.
The bat hits you but does no damage. x2
The bat barely misses you. The bat hits you but does no damage.
The bat misses you.
Aim: a bat (severely wounded, chance to defeat MR: 83%)
The bat writhes in agony.
You kill the bat!
* * * LOW MAGIC WARNING * * *
You now have 0/3 mp.
The kobold throws a stone.
The stone closely misses you.
You see here 10 stones.
Aim: a goblin, wielding a +0 dagger (chance to defeat MR: 83%)
The goblin writhes in agony.
* * * LOW MAGIC WARNING * * *
The goblin hits you with a +0 dagger.
You die...

#. ###...(.#.###..
#.###..............
#.#.....#......#
#.#...####K..###
#.gK### ##...# ..
#...# #....## #.#
#.K.# ##r....## .[..
##..####g......##..#
#...##@..#..<.#...#
##......###....#.#
##.....###......#
#......###..##.#
##.....##...# ##
###.......^#
###.....## ##...##
##!##


You could see a goblin, a kobold and a rat.

Levels and vault maps discovered:
D:1:      dpeg_arrival_arbitrary_b, layout_basic

Notes
Turn   | Place    | Note
-------+----------+-------------------------------------------
     0 | D:1      | lepoulpe303 the Human Necromancer began the quest for the
                  | Orb.
     0 | D:1      | Reached XP level 1. HP: 13/13 MP: 3/3
    13 | D:1      | Identified a +0 dagger
    28 | D:1      | HP: 3/13 [goblin/+0 dagger (1)]
    36 | D:1      | HP: 2/13 [bat (1)]
    58 | D:1      | Slain by a goblin

Table legend:
 A = Turns spent in this place as a percentage of turns spent in the entire game.
 B = Non-inter-level travel turns spent in this place as a percentage of non-inter-level travel turns spent in the entire game.
 C = Inter-level travel turns spent in this place as a percentage of turns spent in this place.
 D = Turns resting spent in this place as a percentage of non-inter-level travel turns spent in this place.
 E = Turns spent auto-exploring this place as a percentage of non-inter-level travel turns spent in this place.
 F = Non-inter-level travel turns spent in this place divided by the number of levels of this place that you've seen.
                   A       B       C       D       E      F
               +-------+-------+-------+-------+-------+----------------------
         Total | 100.0 | 100.0 |   0.0 |   0.0 |   6.9 |  58.0
       Dungeon | 100.0 | 100.0 |   0.0 |   0.0 |   6.9 |  58.0
               +-------+-------+-------+-------+-------+----------------------

Table legend:
 A = Kills in this place as a percentage of kills in entire the game.
 B = Kills by you in this place as a percentage of kills by you in the entire game.
 C = Kills by friends in this place as a percentage of kills by friends in the entire game.
 D = Other kills in this place as a percentage of other kills in the entire game.
 E = Experience gained in this place as a percentage of experience gained in the entire game.
 F = Experience gained in this place divided by the number of levels of this place that you have seen.
                   A       B       C       D       E      F
               +-------+-------+-------+-------+-------+----------------------
         Total | 100.0 | 100.0 |   N/A |   N/A | 100.0 |   1.0
       Dungeon | 100.0 | 100.0 |   N/A |   N/A | 100.0 |   1.0
               +-------+-------+-------+-------+-------+----------------------

Action                   || total
-------------------------++-------
 Cast: Pain              ||     5
Armor: Robe              ||     7
Dodge: Dodged            ||    23

Vanquished Creatures
  A bat (D:1)
1 creature vanquished.
